 Dungeon Crawl Stone Soup version 0.29.0-4-gdea44cf6ec (webtiles) character file.

Game seed: 6295240413624961290

73 DemonSlayer the Firebug (level 4, 0/46 HPs)
             Began as a Demonspawn Fire Elementalist on Aug 26, 2022.
             Slain by a goblin
             ... wielding a +0 club
             ... led by Robin
              (3 damage)
             ... on level 2 of the Dungeon.
             The game lasted 00:04:25 (2712 turns).

DemonSlayer the Firebug (DsFE)                      Turns: 2712, Time: 00:04:25

Health: 0/46       AC:  4    Str:  9    XL:     4   Next: 8%
Magic:  2/8        EV: 12    Int: 22    God:
Gold:   92         SH:  0    Dex: 13    Spells: 5/8 levels left

rFire   . . .      SeeInvis .   o - +2 short sword (drain)
rCold   . . .      Faith    .   (no shield)
rNeg    . . .      Spirit   .   a - +0 robe
rPois   .          Reflect  .   d - +0 helmet
rElec   .          Harm     .   (no cloak)
rCorr   .          Rampage  .   (no gloves)
Will    .....                   g - +0 pair of boots
Stlth   ..........              (no amulet)
HPRegen 0.15/turn               (no ring)
MPRegen 0.11/turn               (no ring)

@: mighty, berserking, very quick
A: big brain 2
a: no special abilities


You were on level 2 of the Dungeon.
You visited 1 branch of the dungeon, and saw 2 of its levels.

You collected 92 gold pieces.

Inventory:

Hand Weapons
 e - a +3 dagger
 i - a +2 whip of draining
 m - a +2 vorpal mace
 o - a +2 short sword of draining (weapon)
Armour
 a - a +0 robe (worn)
 d - a +0 helmet (worn)
 g - a +0 pair of boots (worn)
Scrolls
 c - a scroll of poison {unknown}
 f - 2 scrolls of amnesia {unknown}
 j - a scroll of teleportation {unknown}
 n - a scroll of identify {unknown}
 p - a scroll of enchant weapon {unknown}
 q - 2 scrolls of blinking {unknown}
 r - a scroll of fear {unknown}
 s - a scroll of enchant armour {unknown}
 t - a scroll of torment {unknown}
Potions
 b - a potion of magic
 k - a potion of mutation {unknown}


   Skills:
 + Level 0.9 Fighting
 + Level 0.3 Short Blades
 + Level 2.0 Dodging
 + Level 2.0 Stealth
 + Level 2.7 Spellcasting
 + Level 1.2 Conjurations
 + Level 3.4 Fire Magic


You had 5 spell levels left.
You knew the following spells:

 Your Spells              Type           Power      Damage    Failure   Level
a - Foxfire               Conj/Fire      52%        2x1d6     4%          1
b - Scorch                Fire           36%        2d7       4%          2

Your spell library contained the following spells:

 Spells                   Type           Power      Damage    Failure   Level
 Conjure Flame            Conj/Fire      13%        6-21      14%         3
 Inner Flame              Hex/Fire       10%        N/A       19%         3
 Flame Wave               Conj/Fire      13%        2d6       43%         4


Dungeon Overview and Level Annotations

Branches:
Dungeon (2/15)

Altars:


Innate Abilities, Weirdness & Mutations

You have an extremely huge brain. (Int +4)


Message History

A goblin comes into view. It is wielding a +0 club.
You barely miss Robin.
Robin is lightly wounded.
Robin hits you with a +0 club. The goblin barely misses you.
A hobgoblin comes into view.
You barely miss Robin.
Robin is lightly wounded.
Robin hits you but does no damage. The goblin hits you with a +0 club.
You hit Robin but do no damage. You drain Robin.
Robin is lightly wounded.
Robin hits you but does no damage. The goblin closely misses you.
You hit Robin.
Robin is moderately wounded.
Robin roars a battlecry!
The hobgoblin goes into a battle-frenzy!
The goblin hits you with a +0 club.
You hit Robin. You drain Robin.
Robin is severely wounded.
Robin barely misses you. The goblin hits you but does no damage.
You hit Robin. You drain Robin.
Robin is almost dead.
The goblin hits you with a +0 club.
* * * LOW HITPOINT WARNING * * *
You hit Robin.
You kill Robin!
The goblin completely misses you.
You have reached level 4!
You feel stronger.
Your demonic ancestry asserts itself...
Your brain expands.
It was a potion of might.
You feel very mighty all of a sudden. The goblin hits you with a +0 club.
* * * LOW HITPOINT WARNING * * *
The goblin hits you with a +0 club.
* * * LOW HITPOINT WARNING * * *
It was a potion of berserk rage.
A red film seems to cover your vision as you go berserk!
You feel yourself moving faster!
You feel mighty! The goblin hits you with a +0 club.
You die...

#.#...#. #.#...#.
#.#...## #.....##
# ####..## ####g#
#..## #g..g# #..##
#g# #.... #@#
##... #g# ####
#.###############
#...............#
###############.##
#... ####


You could see a hobgoblin (strong) and 2 goblins.

Vanquished Creatures
  Robin (D:2)
  2 adders (D:2)
  4 ball pythons
  4 endoplasms
  4 giant cockroaches
  6 goblins
  5 hobgoblins
  2 bats (D:1)
  3 frilled lizards
  8 kobolds
  4 rats
43 creatures vanquished.

Vanquished Creatures (others)
  63 foxfires
63 creatures vanquished.

Grand Total: 106 creatures vanquished

Notes
Turn   | Place    | Note
-------+----------+-------------------------------------------
     0 | D:1      | DemonSlayer the Demonspawn Fire Elementalist began the
                  | quest for the Orb.
     0 | D:1      | Reached XP level 1. HP: 13/13 MP: 3/3
   459 | D:1      | Reached skill level 3 in Fire Magic
   504 | D:1      | Gained mutation: You have an unusually large brain. (Int
                  | +2) [demonic ancestry]
   504 | D:1      | Reached XP level 2. HP: 16/19 MP: 0/5
   507 | D:1      | Learned a level 2 spell: Scorch
   992 | D:1      | Found a faded altar of an unknown god.
  1792 | D:2      | Reached XP level 3. HP: 25/25 MP: 1/6
  2692 | D:2      | Noticed Robin
  2710 | D:2      | Killed Robin
  2711 | D:2      | Gained mutation: You have an extremely huge brain. (Int +4)
                  | [demonic ancestry]
  2711 | D:2      | Reached XP level 4. HP: 7/31 MP: 2/8
  2711 | D:2      | HP: 1/31 [goblin/+0 club[Robin] (1)]
  2712 | D:2      | Slain by a goblin

Illustrated notes

Levels and vault maps discovered:
D:1:      minmay_arrival_open_corners, layout_basic,
          hellmonk_ecumenical_altar_slurped_away
D:2:      cheibrodos_old_hovel, layout_loops_ring, kennysheep_boxes, uniq_robin

Skill      XL: |  1  2 |
---------------+-------+-----
Fire Magic     | 3 |  3.4
Dodging        | 2 |  2.0
Stealth        | 2 |  2.0
Fighting       | |  0.9
Short Blades   | |  0.3
Spellcasting   | |  2.7
Conjurations   | |  1.2

Action                   |  1- 3 |  4- 6 || total
-------------------------+-------+-------++-------
Melee: Dagger            |    28 |       ||    28
       Unarmed           |     2 |       ||     2
       Short sword       |    29 |       ||    29
 Cast: Foxfire           |    38 |       ||    38
       Scorch            |    14 |       ||    14
  Use: Potion            |       |     2 ||     2
 Stab: Sleeping          |     3 |       ||     3
Armor: Robe              |    18 |       ||    18
Dodge: Dodged            |    52 |       ||    52
